 Dungeon Sprint DCSS version 0.30-a0-779-g7971cf19c3 (webtiles) character file.

Game seed: 15052413803696711864

260 dialectric the Fighter (level 5, -2/49 HPs)
             Began as a Demonspawn Berserker on Feb 17, 2023.
             Was a Believer of Trog.
             Slain by a neqoxec (13 damage)
             ... in the Dungeon (Sprint II: "The Violet Keep of Menkaure").
             The game lasted 00:00:10 (25 turns).

dialectric the Fighter (Demonspawn Berserker)         Turns: 25, Time: 00:00:11

Health: -2/49      AC:  2    Str: 19      XL:     5   Next: 95%
Magic:  5/5        EV: 13    Int:  5 (8)  God:    Trog [**....]
Gold:   0          SH:  0    Dex: 13      Spells: 4/4 levels left

rFire   . . .      SeeInvis .    a - +0 mace
rCold   . . .      Faith    .    (no shield)
rNeg    . . .      Spirit   .    b - +0 animal skin
rPois   .          Reflect  .    (no helmet)
rElec   .          Harm     .    (no cloak)
rCorr   .          Rampage  .    (no gloves)
Will    .....      NoTele   +    (no boots)
Stlth   +                        (no amulet)
HPRegen 0.28/turn                (no ring)
MPRegen 0.09/turn                (no ring)

@: on berserk cooldown, slowed, very slow
A: sturdy frame 1, demonic magic 2
a: Renounce Religion, Berserk, Trog's Hand


You were in the Dungeon.
You worshipped Trog.
Trog was pleased with you.
You visited 1 branch

Inventory:

Hand Weapons
 a - a +0 mace (weapon)
Armour
 b - a +0 animal skin (worn)
Scrolls
 h - a scroll of blinking
Potions
 c - a potion of curing
 d - a potion of heal wounds
 e - a potion of haste
 f - 2 potions of magic
 g - a potion of berserk rage


   Skills:
 + Level 8.2 Fighting
 + Level 7.7 Maces & Flails
 + Level 3.9 Armour
 + Level 4.2 Dodging


You had 4 spell levels left.
You didn't know any spells.
Your spell library was empty.

Dungeon Overview and Level Annotations

Branches:
Dungeon (1/1)

Altars:


Innate Abilities, Weirdness & Mutations

Your movements are slightly less encumbered by armour. (ER -2)
Spells you cast may paralyse nearby enemies.


Message History

You sock the neqoxec!
The neqoxec is almost dead.
The neqoxec barely misses you.
You sock the neqoxec!
You feel the power of Trog in you as your rage grows.
You kill the neqoxec!
Trog accepts your kill.
You can now call upon Trog for regeneration and willpower.
Your Fighting skill gained 2 levels and is now at level 8!
Your Maces & Flails skill increases to level 7!
Your Dodging skill increases to level 4!
You have reached level 5!
Your demonic ancestry asserts itself...
You feel less encumbered by your armour.
You closely miss the neqoxec. You closely miss the neqoxec.
The neqoxec misses you.
You miss the neqoxec. The neqoxec closely misses you.
You hit the neqoxec.
The neqoxec is lightly wounded.
The neqoxec hits you!
* * * LOW HITPOINT WARNING * * *
You hit the neqoxec.
The neqoxec is lightly wounded.
You hit the neqoxec.
The neqoxec is moderately wounded.
The neqoxec gestures at you.
You feel dopey. Something feeds on your intellect!
You sock the neqoxec!
The neqoxec is heavily wounded.
You closely miss the neqoxec.
The neqoxec is heavily wounded.
You are no longer berserk.
You are exhausted.
You feel yourself slow down. The neqoxec barely misses you.
You hit the neqoxec but do no damage.
The neqoxec is heavily wounded.
The neqoxec hits you but does no damage.
The neqoxec hits you!
You die...

# #. #+#
#..##.##
#33@<.+
#.##.##
#. #+# #


You could see 2 neqoxecs.

Vanquished Creatures
  2 neqoxecs (D)
2 creatures vanquished.

Notes
Turn   | Place    | Note
-------+----------+-------------------------------------------
     0 | D        | dialectric the Demonspawn Berserker began the quest for the
                  | Orb.
     0 | D        | Reached XP level 1. HP: 18/18 MP: 1/1
     1 | D        | Noticed a neqoxec
     1 | D        | Noticed a neqoxec
     1 | D        | Noticed a neqoxec
     1 | D        | Noticed a neqoxec
    11 | D        | Killed a neqoxec
    12 | D        | Reached skill level 6 in Fighting
    12 | D        | Gained mutation: Spells you cast may paralyse adjacent
                  | enemies. [demonic ancestry]
    12 | D        | Reached XP level 2. HP: 13/29 MP: 2/2
    12 | D        | Gained mutation: Spells you cast may paralyse nearby
                  | enemies. [demonic ancestry]
    12 | D        | Reached XP level 3. HP: 16/35 MP: 3/3
    12 | D        | Reached XP level 4. HP: 19/41 MP: 4/4
    16 | D        | Killed a neqoxec
    16 | D        | Reached ** piety under Trog
    17 | D        | Reached skill level 8 in Fighting
    17 | D        | Gained mutation: Your movements are slightly less
                  | encumbered by armour. (ER -2) [demonic ancestry]
    17 | D        | Reached XP level 5. HP: 24/49 MP: 5/5
    25 | D        | Slain by a neqoxec

Illustrated notes

Levels and vault maps discovered:
D:        the_violet_keep_of_menkaure [sprint2_stairs_cluster_1,
          sprint2_shoproom, sprint2_temple, sprint2_basic_supplies,
          sprint2_obstacle_5, sprint2_obstacle_3, sprint2_obstacle_2,
          sprint2_obstacle_4, sprint2_obstacle_6, sprint2_timed_cluster_1,
          sprint2_smallroom_cluster_1, sprint2_smallroom_final_cluster_1,
          sprint2_transparent_cluster_1, sprint2_second_timed_cluster_1,
          sprint2_sniper_area_1, sprint2_heavy_combat_area_1,
          sprint2_mutation_trap_area_1, sprint2_forest_area_1,
          sprint2_light_combat_area_1, sprint2_behind_water_1,
          sprint2_near_end_vault_1]

Skill      XL: |  1  2  3  4 |
---------------+-------------+-----
Fighting       | 6 8 |  8.2
Maces & Flails | 6 7 |  7.7
Armour         | 3 |  3.9
Dodging        | 3 4 |  4.2

Action                     |  1- 3 |  4- 6 || total
---------------------------+-------+-------++-------
  Melee: Mace              |     9 |    14 ||    23
 Invoke: Berserk           |     1 |       ||     1
 Armour: Animal skin       |     1 |     1 ||     2
  Dodge: Dodged            |     3 |     6 ||     9

Table legend: (Time is in decaauts)
 A = Elapsed time spent in this place.
 B = Non-inter-level travel time spent in this place.
 C = Inter-level travel time spent in this place.
 D = Time resting spent in this place.
 E = Time spent auto-exploring this place.
 F = Levels seen in this place.
 G = Mean time per level.
                   A        B        C        D        E       F      G
               +--------+--------+--------+--------+--------+-----+--------+
         Total |     19 |     19 |      0 |      0 |      0 |   1 |   19.0 |
       Dungeon |     19 |     19 |      0 |      0 |      0 |   1 |   19.0 |
               +--------+--------+--------+--------+--------+-----+--------+

Top non-repeatable levels by time:
       D: 19 daAuts
